 Dungeon Crawl Stone Soup version 0.21-a0-538-gd16b88a (webtiles) character file.

25 Alarkh the Grave Robber (level 2, 19/19 HPs)
             Began as a Demonspawn Necromancer on Dec 16, 2017.
             Got out of the dungeon alive.
             The game lasted 00:01:05 (871 turns).

Alarkh the Grave Robber (Demonspawn Necromancer)     Turns: 871, Time: 00:01:06

Health: 19/19      AC:  2    Str:  8    XL:     2   Next: 86%
Magic:  5/5        EV: 12    Int: 16    God:
Gold:   47         SH:  0    Dex: 13    Spells: 5/6 levels left

rFire    . . .     SeeInvis .   g - +0 dagger
rCold    . . .     Gourm    .   (no shield)
rNeg     . . .     Faith    .   a - +0 robe
rPois    .         Spirit   .   (no helmet)
rElec    .         Reflect  .   (no cloak)
rCorr    .         Harm     .   (no gloves)
MR       .....                  (no boots)
Stlth    ++........             e - amulet of regeneration
HPRegen  0.46/turn              (no ring)
MPRegen  0.09/turn              (no ring)

@: no status effects
A: spiny 1
a: no special abilities


You escaped.
You were not hungry.

You visited 1 branch of the dungeon, and saw 2 of its levels.

You collected 47 gold pieces.

Inventory:

Hand Weapons
 g - a +0 dagger (weapon)
Armour
 a - a +0 robe (worn)
Jewellery
 e - an amulet of regeneration (around neck)
Scrolls
 d - a scroll of teleportation {unknown}
 h - a scroll of enchant armour {unknown}
 i - a scroll of identify {unknown}
 j - a scroll of amnesia {unknown}
 l - a scroll of noise {unknown}
 m - a scroll of random uselessness {unknown}
Potions
 k - a potion of resistance {unknown}
Books
 b - a book of Necromancy

   Spells                             Type                      Level
   a - Pain                           Necromancy                   1
   b - Animate Skeleton               Necromancy                   1
   c - Vampiric Draining              Necromancy                   3
   d - Regeneration                   Charms/Necromancy            3
   e - Animate Dead                   Necromancy                   4
   f - Control Undead                 Necromancy                   4
Comestibles
 c - 3 bread rations
 f - 2 chunks of flesh


   Skills:
 - Level 1.7 Dodging
 - Level 1.7 Stealth
 + Level 2.6 Spellcasting
 + Level 4.9 Necromancy


You had 5 spell levels left.
You knew the following spells:

 Your Spells              Type           Power        Failure   Level  Hunger
a - Pain                  Necr           ###.         2%          1    #......


Dungeon Overview and Level Annotations

Branches:
Dungeon (2/15)

Altars:


Innate Abilities, Weirdness & Mutations

You are partially covered in sharp spines.


Message History

No target in view!
No target in view!
No target in view!
No target in view!
No target in view!
No target in view!
No target in view!
No target in view!
No target in view!
Things that are here:
a club; a kobold corpse; a leopard gecko corpse
There is a stone staircase leading up here.
You climb upwards.
There is a stone staircase leading down here.
Some of the chunks of flesh in your inventory have rotted away.
You open the door.
There is an open door here.
There is a staircase leading out of the dungeon here.
Are you sure you want to leave the Dungeon?
This will make you lose the game!
You have escaped!

...#
#...#≈.≈#≈≈≈#.###.##...
...#
#...#≈.≈#≈§§#..........
...#
#...#≈.≈#§§§#.#.#.#....
...#
#...#...#§..#.#.#.#....
...#
#...........#.#.#.#.##'
...#
#...........#.#.#...##.
...#
#...........###.######.
...# #...........#
#.######. ...#
#.....@.....# #........
#### #...........#
######### #
############# # # # # #
#


There were no monsters in sight!

Vanquished Creatures
  A leopard gecko (D:2)
  3 goblins (D:1)
  2 hobgoblins
  2 jackals (D:1)
  5 kobolds
  A quokka (D:2)
  2 bats (D:1)
  4 frilled lizards (D:1)
  3 rats (D:1)
23 creatures vanquished.

Notes
Turn   | Place    | Note
-------+----------+-------------------------------------------
     0 | D:1      | Alarkh the Demonspawn Necromancer began the quest for the Orb.
     0 | D:1      | Reached XP level 1. HP: 13/13 MP: 3/3
   296 | D:1      | Gained mutation: You are partially covered in sharp spines. [demonic ancestry]
   296 | D:1      | Reached XP level 2. HP: 19/19 MP: 3/5
   871 | D:$      | Got out of the dungeon alive.

Vault maps used:
D:1:      lightli_arrival_quake, item_on_display_a
D:2:      old_standard_altar, chequers_temple_overflow_minitemple,
          kennysheep_generic_room_4, uniq_terence

Action                   || total
-------------------------++-------
Melee: Dagger            ||    49
 Cast: Pain              ||    14
 Stab: Sleeping          ||     2
Armor: Robe              ||     7
Dodge: Dodged            ||    33

Table legend:
 A = Spawn XP
 B = Non-spawn XP
 C = Spawn XP percentage of total XP
 D = Spawn monster count
 E = Non-spawn monster count
 F = Spawn count percentage of total count
 G = Total turns spent on level
                    A         B        C        D         E        F      G
               +---------+---------+-------+---------+---------+-------+---------
         Total |       0 |      37 |   0.0 |       0 |      23 |   0.0 |   871
               +---------+---------+-------+---------+---------+-------+---------
           D:1 |       0 |      28 |   0.0 |       0 |      19 |   0.0 |   777
           D:2 |       0 |       9 |   0.0 |       0 |       4 |   0.0 |    94
               +---------+---------+-------+---------+---------+-------+---------
